 Dungeon Crawl Stone Soup version 0.19.5 (webtiles) character file.

868 ghjk the Cleaver (level 7, 0/61 HPs)
             Began as a Minotaur Fighter on Apr 24, 2017.
             Slain by an orc wizard
             ... wielding a +0 dagger
              (1 damage)
             ... on level 4 of the Dungeon.
             The game lasted 00:04:18 (2759 turns).

ghjk the Cleaver (Minotaur Fighter)                 Turns: 2759, Time: 00:04:20

Health: 0/61       AC:  8    Str: 22    XL:     7   Next: 73%
Magic:  6/6        EV:  4    Int:  5    God:
Gold:   185        SH:  0    Dex: 10    Spells: 0 memorised, 6 levels left

rFire  . . .     SeeInvis .     a - +0 war axe
rCold  . . .     Gourm    .     b - +0 scale mail
rNeg   . . .     Faith    .     c - +0 shield
rPois  .         Spirit   .     (helmet restricted)
rElec  .         Reflect  .     q - +0 cloak
rCorr  .         Harm     .     (no gloves)
MR     .....                    (no boots)
Stlth  ..........               (no amulet)
                                (no ring)
                                (no ring)

@: confused, constricted
A: retaliatory headbutt, horns 2
a: no special abilities


You were on level 4 of the Dungeon.
You were hungry.

You visited 1 branch of the dungeon, and saw 4 of its levels.

You collected 185 gold pieces.

Inventory:

Hand Weapons
 a - a +0 war axe (weapon)
Armour
 b - a +0 scale mail (worn)
 c - a +0 shield (worn)
 q - a +0 cloak (worn)
Jewellery
 h - an uncursed amulet of regeneration
 o - a cursed amulet of inaccuracy {unknown}
Scrolls
 e - a scroll of blinking {unknown}
 k - a scroll of fog {unknown}
 l - a scroll of recharging
 p - a scroll of remove curse
 t - 2 scrolls of identify
 v - a scroll of teleportation
 w - a scroll of enchant weapon {unknown}
Potions
 d - a potion of might
 i - a potion of curing
 j - 2 potions of lignification {unknown}
 m - a potion of beneficial mutation {unknown}
 n - a potion of cancellation {unknown}
 r - a potion of agility {unknown}
 s - a potion of cure mutation {unknown}
 x - a potion of magic {unknown}
Comestibles
 f - 2 bread rations
 g - a meat ration


   Skills:
 + Level 5.5 Fighting
 * Level 9.1 Axes
 + Level 5.4 Armour
 - Level 3.6 Shields


You had 6 spell levels left.
You didn't know any spells.

Dungeon Overview and Level Annotations

Branches:
Dungeon (4/15)
 Temple: D:4-7

Altars:
Fedhas


Innate Abilities, Weirdness & Mutations

You reflexively headbutt those who attack you in melee.
You have a pair of horns on your head.


Message History

* * * LOW HITPOINT WARNING * * *
The orc wizard closely misses you.
You bump into the rock wall.
The orc wizard barely misses you. The orc wizard hits you with a dagger.
* * * LOW HITPOINT WARNING * * *
The ball python skeleton bites you but does no damage.
The ball python skeleton closely misses you.
Unknown command.
You hit the ball python skeleton but do no damage.
You barely miss the orc wizard.
Your scale mail prevents you from hitting the orc wizard.
The orc wizard barely misses you. x2
The orc wizard points at you and mumbles some strange words.
The magic dart hits you!
* * * LOW HITPOINT WARNING * * *
The ball python skeleton bites you but does no damage.
The ball python skeleton grabs you.
The ball python skeleton constricts you.
The orc wizard hits you with a dagger.
You die...

#........## #.........
#.........# #..####..#
###.........# #..# ##.#
...........# #..# #.#
#......$..# #..# #.#
#.....)...###..#####..
#......(..#...........
#...oZ....#...........
#..So@....#[.......##.
#..######...#'####.###
.... #...#.#....... #.#
####...#.........
#+######......###.####.#
..............###.####.#
.......................#
..........#....##.######
#...........##.......


You could see 2 orc wizards, an adder and a ball python skeleton.

Vanquished Creatures
  The ghost of tognito the Chopper, an amateur MiBe of Trog (D:4)
  Edmund (D:3)
  A phantom (D:4)
  An ogre (D:4)
  Blork the orc (D:4)
  A howler monkey (D:4)
  A hound (D:4)
  An iguana (D:4)
  An orc priest (D:4)
  A worker ant (D:4)
  7 gnolls (D:3)
  5 adders
  An ooze (D:1)
  An adder skeleton (D:4)
  A worm (D:3)
  3 dart slugs
  A leopard gecko (D:2)
  16 orcs
  A ball python (D:3)
  6 bats
  4 giant cockroaches
  9 goblins
  7 hobgoblins
  4 jackals
  3 quokkas
  5 frilled lizards
  8 kobolds
  4 rats
96 creatures vanquished.

Notes
Turn   | Place    | Note
-------+----------+-------------------------------------------
     0 | D:1      | ghjk the Minotaur Fighter began the quest for the Orb.
     0 | D:1      | Reached XP level 1. HP: 19/19 MP: 0/0
    80 | D:1      | Reached XP level 2. HP: 22/27 MP: 1/1
   180 | D:1      | Reached skill level 3 in Axes
   591 | D:2      | Reached XP level 3. HP: 33/33 MP: 2/2
  1062 | D:3      | Found a blossoming altar of Fedhas.
  1131 | D:3      | Reached skill level 4 in Axes
  1131 | D:3      | Reached XP level 4. HP: 36/41 MP: 3/3
  1253 | D:3      | Reached skill level 5 in Axes
  1268 | D:3      | Reached XP level 5. HP: 41/47 MP: 4/4
  1657 | D:4      | Noticed Blork the orc
  1688 | D:4      | Noticed an ogre
  1694 | D:4      | Killed an ogre
  1694 | D:4      | Reached skill level 6 in Axes
  1694 | D:4      | Reached XP level 6. HP: 55/55 MP: 5/5
  1740 | D:4      | Killed Blork the orc
  1740 | D:4      | Reached skill level 7 in Axes
  1740 | D:4      | Reached skill level 5 in Armour
  1744 | D:4      | Reached skill level 5 in Fighting
  1840 | D:4      | HP: 2/56 [orc priest/nerve-wracking pain (14)]
  2129 | D:4      | Noticed Edmund
  2133 | D:4      | Noticed tognito's ghost (amateur MiBe)
  2176 | D:3      | Killed Edmund
  2176 | D:3      | Reached skill level 8 in Axes
  2176 | D:3      | Reached XP level 7. HP: 41/61 MP: 6/6
  2598 | D:4      | Killed tognito's ghost
  2727 | D:4      | Reached skill level 9 in Axes
  2759 | D:4      | HP: 1/61 [orc wizard/magic dart (9)]
  2759 | D:4      | Slain by an orc wizard

Skill      XL: |  1  2  3  4  5  6  7 |
---------------+----------------------+-----
Axes           | 3 4 5 6 8 9 |  9.1
Fighting       | 4 5 |  5.5
Armour         | 4 5 |  5.4
Shields        | |  3.6

Action                   |  1- 3 |  4- 6 |  7- 9 || total
-------------------------+-------+-------+-------++-------
Melee: War axe           |    91 |   122 |    47 ||   260
       Headbutt          |     9 |    20 |     9 ||    38
  Use: Scroll            |     5 |       |       ||     5
       Potion            |       |     1 |       ||     1
  Eat: Chunk             |       |     3 |     1 ||     4
       Beef jerky        |       |     1 |       ||     1
Armor: Scale mail        |    46 |    45 |    15 ||   106
Dodge: Dodged            |    31 |    34 |    18 ||    83
Block: Shield            |    46 |    63 |    14 ||   123
